 Dungeon Crawl Stone Soup version 0.29-a0-542-g075992c915 (webtiles) character file.

Game seed: 13697801758819231423

193 Gargoyl the Skirmisher (level 5, -1/34 HPs)
             Began as a Gargoyle Berserker on June 4, 2022.
             Was a Believer of Trog.
             Killed by divine providence
             ... invoked by an orc priest
              (10 damage)
             ... on level 3 of the Dungeon.
             The game lasted 00:02:52 (1880 turns).

Gargoyl the Skirmisher (Gargoyle Berserker)         Turns: 1880, Time: 00:02:52

Health: -1/34      AC: 11    Str: 27    XL:     5   Next: 72%
Magic:  5/5        EV: 11    Int:  7    God:    Trog [**....]
Gold:   85         SH:  0    Dex: 11    Spells: 4/4 levels left

rFire   . . .      SeeInvis .   a - +3 hand axe
rCold   + . .      Faith    .   (no shield)
rNeg    + . .      Spirit   .   i - +1 ring mail "Recvuuca" {+Blink rC+}
rPois   ∞          Reflect  .   (no helmet)
rElec   +          Harm     .   (no cloak)
rCorr   .          Rampage  .   g - +0 pair of gloves
Will    .....                   (no boots)
Stlth   +.........              (no amulet)
HPRegen 0.11/turn               f - +6 ring of strength
MPRegen 0.09/turn               (no ring)

@: on berserk cooldown, slowed, very slow
A: sickness immunity, AC +4, negative energy resistance 1, electricity
resistance, torment resistance 1, petrification resistance
a: Renounce Religion, Evoke Blink, Berserk, Trog's Hand


You were on level 3 of the Dungeon.
You worshipped Trog.
Trog was pleased with you.
You visited 1 branch of the dungeon, and saw 3 of its levels.

You collected 85 gold pieces.

Inventory:

Hand Weapons
 a - a +3 hand axe (weapon)
Armour
 g - a +0 pair of gloves (worn)
 i - the +1 ring mail "Recvuuca" (worn) {+Blink rC+}
   (You found it on level 2 of the Dungeon)

   rC:        It protects you from cold.
   +Blink:    It lets you blink.
Jewellery
 f - a +6 ring of strength (left hand)
Potions
 b - a potion of curing
 e - a potion of flight {unknown}


   Skills:
 + Level 4.4 Fighting
 + Level 4.2 Axes
 + Level 2.7 Armour
 + Level 2.5 Dodging


You had 4 spell levels left.
You didn't know any spells.
Your spell library was empty.

Dungeon Overview and Level Annotations

Branches:
Dungeon (3/15)

Altars:
The Shining One


Innate Abilities, Weirdness & Mutations

You are immune to sickness and miasma.
Your stone body is resilient. (AC +4)
You are immune to poison.
You resist negative energy. (rN+)
You are resistant to electric shocks. (rElec)
You are resistant to unholy torment.
You are immune to petrification.


Message History

a +1 dagger of venom; a hobgoblin corpse You closely miss the orc.
The orc hits you with a +0 whip.
You barely miss the orc. The orc closely misses you.
The orc hits you with a +0 whip.
You slash the orc!
You kill the orc!
Trog accepts your kill.
Items here: )) [ †.
An orc comes into view. It is wielding a +0 hand axe.
A frilled lizard comes into view.
The frilled lizard hisses angrily.
There are monsters nearby!
You closely miss the orc. The orc hits you with a +0 hand axe.
You slash the orc!
You kill the orc!
Trog accepts your kill.
The frilled lizard bites you but does no damage.
The frilled lizard attacks as you move away!
The frilled lizard barely misses you.
You see here a +0 hand axe.
The frilled lizard attacks as you move away!
The frilled lizard bites you but does no damage.
An orc priest comes into view. It is wielding a +0 club.
The orc priest shouts!
The frilled lizard closely misses you.
The orc priest invokes the aid of Beogh against you.
Beogh smites you!
* * * LOW HITPOINT WARNING * * *
Things that are here:
a +0 dagger; a +0 robe You slash the frilled lizard!
You kill the frilled lizard!
Trog accepts your kill.
Unknown command.
Things that are here:
a +0 hand axe; a frilled lizard corpse
There is a stone staircase leading up here.
The orc priest mumbles some strange prayers to Beogh against you.
Beogh smites you!
You die...

................
P....###†#######
P._. #.#
P...o###.#
PPPP....)#
....##))# ..
#).# ♣..##.o#
♣.....@#
..?..##.## ....
#.# #.. #.# ##
#.# #.# #.# ..


You could see an orc priest.

Vanquished Creatures
  Natasha (thrice) (D:2)
  An orc wizard (D:3)
  2 adders
  2 dart slugs
  2 worms
  3 orcs (D:3)
  7 ball pythons
  9 endoplasms
  2 giant cockroaches
  2 goblins
  2 hobgoblins
  3 jackals (D:1)
  4 quokkas
  6 bats
  6 frilled lizards
  4 kobolds
  7 rats
65 creatures vanquished.

Notes
Turn   | Place    | Note
-------+----------+-------------------------------------------
     0 | D:1      | Gargoyl the Gargoyle Berserker began the quest for the Orb.
     0 | D:1      | Reached XP level 1. HP: 14/14 MP: 1/1
   146 | D:1      | Reached XP level 2. HP: 4/19 MP: 2/2
   579 | D:1      | Reached XP level 3. HP: 24/24 MP: 3/3
   579 | D:1      | Reached ** piety under Trog
  1214 | D:2      | Noticed Natasha
  1223 | D:2      | Killed Natasha
  1224 | D:2      | Reached XP level 4. HP: 29/29 MP: 4/4
  1241 | D:2      | Noticed Natasha
  1250 | D:2      | Killed Natasha
  1303 | D:2      | Noticed Natasha
  1314 | D:2      | Killed Natasha
  1315 | D:2      | Reached XP level 5. HP: 33/34 MP: 5/5
  1352 | D:2      | Identified the +1 ring mail "Recvuuca" {+Blink rC+}
  1834 | D:3      | Found a glowing golden altar of the Shining One.
  1880 | D:3      | Killed from afar by an orc priest

Illustrated notes

Levels and vault maps discovered:
D:1:      mrwooster_arrival_statue_2, layout_basic
D:2:      layout_rooms, kennysheep_generic_room_6, uniq_natasha
D:3:      layout_loops_ring, mainiacjoe_overflow_chevrons,
          grunt_dithmenos_smoke_and_mirrors

Skill      XL: |  1  2  3  4  5 |
---------------+----------------+-----
Axes           | 3 4 |  4.2
Fighting       | 4 |  4.4
Dodging        | 2 |  2.5
Armour         | |  2.7

Action                   |  1- 3 |  4- 6 || total
-------------------------+-------+-------++-------
Melee: Hand axe          |    82 |    62 ||   144
Invok: Berserk           |     2 |     2 ||     4
       Trog's Hand       |       |     1 ||     1
  Use: Potion            |     1 |       ||     1
       Scroll            |       |     8 ||     8
Armor: Animal skin       |    36 |       ||    36
       Ring mail         |    16 |    42 ||    58
Dodge: Dodged            |    81 |    38 ||   119

Table legend: (Time is in decaauts)
 A = Elapsed time spent in this place.
 B = Non-inter-level travel time spent in this place.
 C = Inter-level travel time spent in this place.
 D = Time resting spent in this place.
 E = Time spent auto-exploring this place.
 F = Levels seen in this place.
 G = Mean time per level.
                   A        B        C        D        E       F      G
               +--------+--------+--------+--------+--------+-----+--------+
         Total |   1950 |   1911 |     39 |      0 |   1406 |   3 |  650.0 |
       Dungeon |   1950 |   1911 |     39 |      0 |   1406 |   3 |  650.0 |
               +--------+--------+--------+--------+--------+-----+--------+

Top non-repeatable levels by time:
     D:1: 1240 daAuts
     D:2: 653 daAuts
     D:3: 57 daAuts
